 Dungeon Crawl Stone Soup version 0.32-a0-986-ga09f62fbf4 (webtiles) character file.

Game seed: 17905953466338138704

160 GiantSquids the Changeling (level 5, -7/33 HPs)
             Began as an Octopode Shapeshifter on Apr 22, 2024.
             Mangled by a troll (15 damage)
             ... on level 5 of the Dungeon.
             The game lasted 00:04:24 (1845 turns).

GiantSquids the Changeling (Octopode Shapeshifter)  Turns: 1845, Time: 00:04:25

Health: -7/33      AC:  1    Str: 21    XL:     5   Next: 41%
Magic:  5/5        EV: 12    Int: 12    God:
Gold:   160        SH:  0    Dex: 12    Spells: 4/4 levels left

rFire   . .          .
                       - Unarmed
rCold   . . .        (no shield)
rNeg    . . .        (helmet currently unavailable)
rPois   .            (no amulet)
rElec   .            g - +6 ring of strength
rCorr   .            h - ring of flight
SInv    .            (no ring)
Will    .....        (no ring)
Stlth   +++          (no ring)
HPRegen 0.25/turn    (no ring)
MPRegen 0.09/turn    (no ring)
                     (no ring)

%: no passive effects
@: beast-form, flying
A: beast (slay +2), almost no armour, amphibious, 8 rings, camouflage 1,
gelatinous body 1, (nimble swimmer 1), tentacles
a: Begin Untransformation


You were on level 5 of the Dungeon.
You were a hulking beast.
You visited 1 branch of the dungeon, and saw 5 of its levels.

You collected 160 gold pieces.

Inventory:

Missiles
 l - 6 boomerangs (quivered)
Jewellery
 g - a +6 ring of strength (left tentacle)
 h - a ring of flight (right tentacle)
Talismans
 b - a beast talisman (active)
 c - a flux talisman
Wands
 m - a wand of paralysis (11)
Scrolls
 d - 4 scrolls of identify {unknown}
 f - a scroll of vulnerability {unknown}
 i - a scroll of poison {unknown}
 j - 4 scrolls of teleportation {unknown}
Potions
 a - a potion of lignification
 e - a potion of brilliance {unknown}
 k - a potion of curing {unknown}


   Skills:
 - Level 1.0 Fighting
 - Level 2.0 Dodging
 - Level 3.5 Stealth
 - Level 3.0 Unarmed Combat
 * Level 5.0 Shapeshifting


You had 4 spell levels left.
You didn't know any spells.
Your spell library contained the following spells:

 Spells                   Type           Power      Damage    Failure   Level
 Shock                    Conj/Air       0%         1d3       32%         1
 Call Imp                 Summ           0%         N/A       45%         2
 Sublimation of Blood     Necr           0%         N/A       45%         2
 Sculpt Simulacrum        Ice/Alch       0%         N/A       100%        6
 Ozocubu's Refrigeration  Ice            0%         4d7       100%        7
 Summon Hydra             Summ           0%         N/A       100%        7
 Polar Vortex             Ice            0%         N/A       100%        9


Dungeon Overview and Level Annotations

Branches:
Dungeon (6/15)
 Temple: D:4-7

Altars:
Zin

Annotations:
D:6 Edmund


Innate Abilities, Weirdness & Mutations

You are a hulking beast.
Your limbs bulge with bestial killing power. (Slay +2)
You cannot wear most types of armour.
You are amphibious.
You can wear up to eight rings at the same time.
Your skin changes colour to match your surroundings (Stealth+).
Your rubbery body absorbs attacks. (AC +1, EV +1)
((You are camouflaged when in or above water. (Stealth+)))
You have tentacles for arms and can constrict up to eight enemies at once.


Message History

The shaft crumbles and collapses.
Edmund the Younger comes into view.
He is wielding a +4 dire flail of holy wrath.
Found a mace.
Found a ring mail.
An iguana comes into view.
Found a stone staircase leading up.
You barely miss the iguana. You grab the iguana. You constrict the iguana.
The iguana misses you.
You tentacle-slap the iguana.
The iguana is severely wounded.
You constrict the iguana.
You kill the iguana!
Your Shapeshifting skill increases to level 5!
You see here an iguana corpse.
There is a stone staircase leading up here.
You fly upwards.
You hear the sound of rushing water.
There is an entrance to a sewer on this level.
Hurry and find it before the portal rusts away!
There is a stone staircase leading down here.
A troll and a ribbon worm come into view.
Found 21 gold pieces.
The helpless troll fails to defend itself.
You tentacle-slap the troll. You squeeze the troll!
The troll is heavily wounded.
You tentacle-slap the troll but do no damage.
The troll is heavily wounded.
The troll barely misses you. The troll claws you. The troll barely misses you.
You tentacle-slap the troll.
The troll is heavily wounded.
The troll bites you! The troll barely misses you. The troll claws you!
* * * LOW HITPOINT WARNING * * *
You tentacle-slap the troll. x2
The troll is severely wounded.
The troll barely misses you. The troll completely misses you.
The troll claws you.
* * * LOW HITPOINT WARNING * * *
You barely miss the troll.
The troll is severely wounded.
The troll bites you!
You die...

##+#. ###....#
........
.......#
w......#
$......# #
.......###.#####
####..h.......
#....#.T......
#....#........
#....#....$...
#>............
##............
###########.. ..


You could see a troll.

Vanquished Creatures
  A bombardier beetle (D:3)
  An iguana (D:6)
  Natasha (twice) (D:2)
  An adder (D:2)
  6 endoplasms
  4 giant cockroaches
  3 goblins
  3 hobgoblins
  3 jackals (D:1)
  A quokka (D:1)
  5 ball pythons
  3 bats
  5 frilled lizards
  2 kobolds
  5 rats
45 creatures vanquished.

Notes
Turn   | Place    | Note
-------+----------+-------------------------------------------
     0 | D:1      | GiantSquids the Octopode Shapeshifter began the quest for
                  | the Orb.
     0 | D:1      | Reached XP level 1. HP: 13/13 MP: 1/1
   179 | D:1      | Reached skill level 1 in Stealth
   180 | D:1      | Reached XP level 2. HP: 18/18 MP: 2/2
   491 | D:1      | Reached XP level 3. HP: 23/23 MP: 3/3
   722 | D:2      | Found a faded altar of an unknown god.
   727 | D:2      | Got Plato's Compendium of Exhalation
   935 | D:2      | Noticed Natasha
   941 | D:2      | Killed Natasha
   942 | D:2      | Reached skill level 4 in Shapeshifting
   942 | D:2      | Reached XP level 4. HP: 17/28 MP: 4/4
  1072 | D:2      | Found a glowing silver altar of Zin.
  1248 | D:2      | Noticed Natasha
  1260 | D:2      | Killed Natasha
  1571 | D:3      | Reached XP level 5. HP: 14/33 MP: 5/5
  1746 | D:3      | You are sucked into a shaft and drop 3 floors!
  1773 | D:6      | Noticed Edmund
  1829 | D:6      | Reached skill level 5 in Shapeshifting
  1835 | D:5      | Entered Level 5 of the Dungeon
  1839 | D:5      | Noticed a troll
  1845 | D:5      | Mangled by a troll

Illustrated notes

Levels and vault maps discovered:
D:1:      ldierk_walled_garden_2, layout_rooms, minmay_misc_feat_doors
D:2:      layout_loops_ring, shapermc_ecumenical_altar_rom_forum, basic_altar,
          minmay_misc_feat_rows, nicolae_eternal_life, uniq_natasha
D:3:      layout_basic, old_standard_altar, chequers_decorated_corner
D:5:      layout_gridville, gup_sewer_entry_glass, hangedman_decor_peaks_small,
          chequers_serial_rivers_micro_a, fountainhead, hangedman_glass_teeth,
          uniq_prince_ribbit1
D:6:      lemuel_ice_spiral_2, layout_basic, mainiacjoe_overflow_alcove_1,
          grunt_ministairs_12, minmay_liquid_box, kennysheep_generic_room_16,
          uniq_edmund, uniq_grinder, uniq_maggie

Skill      XL: |  1  2  3  4  5 |
---------------+----------------+-----
Stealth        | 1 2 3 |  3.5
Shapeshifting  | 4 5 |  5.0
Fighting       | |  1.0
Dodging        | |  2.0
Unarmed Combat | |  3.0

Action                     |  1- 3 |  4- 6 || total
---------------------------+-------+-------++-------
  Melee: Unarmed           |    54 |    24 ||    78
         Constrict         |    11 |     7 ||    18
         Tentacles         |     6 |     4 ||    10
         Punch             |     3 |     1 ||     4
   Stab: Sleeping          |     8 |     5 ||    13
 Armour: Skin              |    14 |    11 ||    25
  Dodge: Dodged            |    29 |     8 ||    37

Table legend: (Time is in decaauts)
 A = Elapsed time spent in this place.
 B = Non-inter-level travel time spent in this place.
 C = Inter-level travel time spent in this place.
 D = Time resting spent in this place.
 E = Time spent auto-exploring this place.
 F = Levels seen in this place.
 G = Mean time per level.
                   A        B        C        D        E       F      G
               +--------+--------+--------+--------+--------+-----+--------+
         Total |   1839 |   1795 |     44 |    100 |   1306 |   5 |  367.8 |
       Dungeon |   1839 |   1795 |     44 |    100 |   1306 |   5 |  367.8 |
               +--------+--------+--------+--------+--------+-----+--------+

Top non-repeatable levels by time:
     D:2: 776 daAuts
     D:1: 597 daAuts
     D:3: 367 daAuts
     D:6: 88 daAuts
     D:5: 9 daAuts
